 Dungeon Crawl Stone Soup version 0.19.0-2-gae57169 (webtiles) character file.

235 Gargoyl the Distorting Demonspawn (level 5, -1/41 HPs)
             Began as a Demonspawn Abyssal Knight on Nov 5, 2016.
             Was a Believer of Lugonu.
             Slain by a bullfrog skeleton (4 damage)
             ... on level 4 of the Dungeon.
             The game lasted 00:05:59 (3961 turns).

Gargoyl the Distorting Demonspawn (DsAK)            Turns: 3961, Time: 00:06:00

Health: -1/41      AC: 10    Str: 14    XL:     5   Next: 76%
Magic:  8/8        EV:  6    Int: 13    God:    Lugonu [**....]
Gold:   147        SH:  0    Dex: 12    Spells: 0 memorised, 4 levels left

rFire  . . .     SeeInvis +     q - +0 war axe
rCold  + . .     Gourm    .     e - +0 chain mail
rNeg   . . .     Faith    .     (no shield)
rPois  .         Spirit   .     (no helmet)
rElec  .         Reflect  .     (no cloak)
rCorr  .         Harm     .     s - +0 pair of gloves (curse)
MR     .....                    (no boots)
Stlth  ..........               n - amulet of regeneration
                                (no ring)
                                r - ring of see invisible

@: no status effects
A: hooves 1, cold resistance 1
a: Depart the Abyss, Bend Space, Renounce Religion


You were on level 4 of the Dungeon.
You worshipped Lugonu.
Lugonu was pleased with you.
You were not hungry.

You visited 1 branch of the dungeon, and saw 4 of its levels.
You visited the Abyss 1 time.

You collected 147 gold pieces.

Inventory:

Hand Weapons
 a - a +1 hand axe
 q - a +0 war axe (weapon)
Armour
 e - a +0 chain mail (worn)
 s - a cursed +0 pair of gloves (worn)
Jewellery
 n - an amulet of regeneration (around neck)
 r - a ring of see invisible (left hand)
Scrolls
 f - 3 scrolls of identify
 m - a scroll of recharging {unknown}
 u - a scroll of amnesia {unknown}
Potions
 h - 2 potions of curing {unknown}
 i - a potion of heal wounds {unknown}
 j - a potion of degeneration {unknown}
 k - a potion of berserk rage {unknown}
 l - a potion of beneficial mutation {unknown}
 o - a potion of might {unknown}
 t - a potion of haste {unknown}
Comestibles
 b - a beef jerky
 c - 2 bread rations
 d - 2 fruits
 g - a meat ration
 p - a chunk of flesh


   Skills:
 + Level 3.3 Fighting
 + Level 3.6 Axes
 * Level 3.2 Armour
 + Level 1.4 Dodging
 * Level 4.2 Invocations


You had 4 spell levels left.
You didn't know any spells.

Dungeon Overview and Level Annotations

Branches:
Dungeon (4/15)
 Temple: D:4-7

Altars:
Makhleb


Innate Abilities, Weirdness & Mutations

You have large cloven feet.
Your flesh is cold resistant. (rC+)


Message History

The gnoll barely misses you. The gnoll hits you with a halberd!
The gnoll hits you but does no damage. The gnoll hits you with a spear.
Unknown command.
You hit the gnoll. You kick the gnoll, but do no damage.
The gnoll is moderately wounded.
Your chain mail prevents you from hitting the gnoll.
Your chain mail prevents you from hitting the orc.
The gnoll hits you but does no damage. The orc hits you with a flail.
The gnoll hits you from afar with a spear.
* * * LOW HITPOINT WARNING * * *
The gnoll barely misses you. The bullfrog skeleton hits you.
* * * LOW HITPOINT WARNING * * *
The gnoll barely misses you.
The gnoll hits you from afar with a spear.
* * * LOW HITPOINT WARNING * * *
The gnoll hits you with a spear.
* * * LOW HITPOINT WARNING * * *
The bullfrog skeleton hits you.
You die...

## #...... #.# #.#....
#.# #.#.#.. #.#
####.#.#.# #.#
#....#.#.#
#######.#######....#.#.#
........................
......Z.......#....#.#.#
######@#####......#.#.#
#.ggo...###.....#.#.#
#..g....# #.###.#.#..
#...s...# #..##.#.#.#
.$.......# ##.##.#....
..##.......# #..#.###.#
. <.......# ##.#.#....
##.......# #...#.#.#
#.......# ##..#.#(#


You could see 3 gnolls, an orc, a giant cockroach and a bullfrog skeleton.

Vanquished Creatures
  2 orc wizards (D:4)
  3 gnolls (D:2)
  5 adders
  An ooze (D:1)
  2 worms (D:2)
  9 dart slugs
  2 leopard geckos
  3 orcs (D:4)
  9 bats
  A giant cockroach (D:1)
  7 goblins
  8 hobgoblins
  12 kobolds
  2 quokkas (D:3)
  3 ball pythons
  2 frilled lizards (D:1)
  6 rats
77 creatures vanquished.

Notes
Turn   | Place    | Note
-------+----------+-------------------------------------------
     0 | Abyss:1  | Gargoyl the Demonspawn Abyssal Knight began the quest for the Orb.
     0 | Abyss:1  | Reached XP level 1. HP: 18/18 MP: 2/2
     3 | Abyss:2  | Found a corrupted altar of Lugonu.
    18 | Abyss:2  | Noticed an ancient zyme
    72 | Abyss:3  | Noticed a red ugly thing
    77 | Abyss:4  | Noticed a green death
    78 | Abyss:4  | Noticed a neqoxec
    86 | D:1      | Escaped the Abyss
   236 | D:1      | Reached skill level 1 in Dodging
   328 | D:1      | Gained mutation: Your flesh is cold resistant. (rC+) [demonic ancestry]
   328 | D:1      | Reached XP level 2. HP: 13/24 MP: 3/3
   487 | D:1      | Reached * piety under Lugonu
  1136 | D:1      | Reached XP level 3. HP: 28/29 MP: 5/5
  1589 | D:2      | Reached skill level 3 in Invocations
  2272 | D:1      | Gained mutation: You have large cloven feet. [demonic ancestry]
  2272 | D:1      | Reached XP level 4. HP: 13/35 MP: 6/6
  2916 | D:3      | Reached ** piety under Lugonu
  3159 | D:3      | Reached XP level 5. HP: 41/41 MP: 7/7
  3232 | D:3      | Found a burning altar of Makhleb.
  3232 | D:3      | Noticed a balrug
  3815 | D:4      | Reached skill level 4 in Invocations
  3961 | D:4      | Slain by a bullfrog skeleton

Skill      XL: |  1  2  3  4  5 |
---------------+----------------+-----
Armour         | 2 3 |  3.2
Dodging        | 1 |  1.4
Axes           | 2 3 |  3.6
Invocations    | 3 4 |  4.2
Fighting       | |  3.3

Action                   |  1- 3 |  4- 6 || total
-------------------------+-------+-------++-------
Melee: Hand axe          |   155 |    33 ||   188
       War axe           |       |   140 ||   140
       Kick              |       |    42 ||    42
Invok: Depart the Abyss  |     1 |       ||     1
  Use: Scroll            |     1 |     3 ||     4
       Potion            |     1 |       ||     1
  Eat: Chunk             |     4 |     6 ||    10
Armor: Chain mail        |   107 |   137 ||   244
       Skin              |     1 |       ||     1
Dodge: Dodged            |    58 |    72 ||   130
